 Dungeon Crawl Stone Soup version 0.28-a0-1199-gef9e1dbd39 (webtiles) character file.

Game seed: 1796520203889458773

31 ragingrage the Magician (level 2, 0/20 HPs)
             Began as a Demigod Wanderer on Dec 18, 2021.
             Succumbed to an adder's poison
             ... on level 2 of the Dungeon on Dec 19, 2021.
             The game lasted 00:01:44 (2538 turns).

ragingrage the Magician (Demigod Wanderer)          Turns: 2538, Time: 00:01:45

Health: 0/20       AC:  7    Str: 15    XL:     2   Next: 90%
Magic:  3/9        EV:  9    Int: 14    God:
Gold:   25         SH:  0    Dex: 11    Spells: 8/9 levels left

rFire   . . .      SeeInvis .   d - +0 rapier
rCold   . . .      Faith    .   (no shield)
rNeg    . . .      Spirit   .   b - +0 scale mail
rPois   .          Reflect  .   f - +0 helmet
rElec   .          Harm     .   (no cloak)
rCorr   .          Rampage  .   (no gloves)
Will    .....                   (no boots)
Stlth   ..........              (no amulet)
HPRegen 0.06/turn               (no ring)
MPRegen 0.11/turn               (no ring)

@: lethally poisoned (0 -> -2), very slightly contaminated
A: high mp 1, forlorn, divine attributes
a: no special abilities


You were on level 2 of the Dungeon.
You visited 1 branch of the dungeon, and saw 2 of its levels.

You collected 25 gold pieces.

Inventory:

Hand Weapons
 d - a +0 rapier (weapon)
Armour
 b - a +0 scale mail (worn)
 f - a +0 helmet (worn)
Scrolls
 e - a scroll of immolation {unknown}
 g - 2 scrolls of magic mapping {unknown}
 h - a scroll of identify {unknown}


   Skills:
 - Level 1.0 Armour
 - Level 1.0 Dodging
 + Level 4.1 Spellcasting
 + Level 1.9 Necromancy
 - Level 1.7 Evocations


You had 8 spell levels left.
You knew the following spells:

 Your Spells              Type           Power      Damage    Failure   Level
a - Pain                  Necr           32%        1d5       34%         1

Your spell library contained the following spells:

 Spells                   Type           Power      Damage    Failure   Level
 Magic Dart               Conj           8%         1d3       61%         1
 Vampiric Draining        Necr           8%         2d6       71%         3
 Blink                    Tloc           4%         N/A       75%         2
 Passwall                 Tmut/Erth      1%         N/A       75%         2
 Ozocubu's Armour         Ice            2%         N/A       93%         3


Dungeon Overview and Level Annotations

Branches:
Dungeon (2/15)


Innate Abilities, Weirdness & Mutations

You have an increased reservoir of magic. (+10% MP)
You shall have no god before yourself.
Your divine heritage dramatically boosts your attributes as you level up.


Message History

The adder bites you but does no damage. The adder bites you but does no damage.
The frilled lizard unfolds its giant frill.
The adder bites you.
Aiming: Pain (safe; 34% risk of failure)
Press: ? - help, Q - select action Shift-Dir - straight line, f - goblin
Aim: a goblin, wielding a +0 trident (chance to affect: 73%)
You miscast Pain.
You are very lightly contaminated with residual magic.
Nothing appears to happen.
The adder barely misses you.
Aiming: Pain (safe; 34% risk of failure)
Press: ? - help, Q - select action Shift-Dir - straight line, f/p - goblin
Aim: a goblin, wielding a +0 trident (chance to affect: 73%)
The adder writhes in agony.
The adder bites you but does no damage.
Aiming: Pain (safe; 34% risk of failure)
Press: ? - help, Q - select action Shift-Dir - straight line, f/p - goblin
Aim: a goblin, wielding a +0 trident (chance to affect: 73%)
You miscast Pain.
Nothing appears to happen.
The adder bites you.
You are poisoned.
The adder poisons you!
Aiming: Pain (safe; 34% risk of failure)
Press: ? - help, Q - select action Shift-Dir - straight line, f/p - goblin
Aim: a goblin, wielding a +0 trident (chance to affect: 73%)
The adder struggles to resist.
* * * LOW HITPOINT WARNING * * *
You feel sick. The adder barely misses you. The adder completely misses you.
Aiming: Pain (safe; 34% risk of failure)
Press: ? - help, Q - select action Shift-Dir - straight line, f/p - goblin
Aim: a goblin, wielding a +0 trident (chance to affect: 73%)
The adder writhes in agony.
* * * LOW HITPOINT WARNING * * *
You feel sick. The adder bites you but does no damage.
Aiming: Pain (safe; 34% risk of failure)
Press: ? - help, Q - select action Shift-Dir - straight line, f/p - goblin
Aim: a goblin, wielding a +0 trident (chance to affect: 73%)
The adder struggles to resist.
You die...

####.# #...# ##...## ). .#
.....# #...# #...# .....
###### #...# ##...## .#...
#...# #8...8# ..).. ##'##
##...## ..#.[ ###'###
#....###+#..... #.....#
#.#####......#
#.....######g#####†.†#...l
#........@Slglg..'...# ..#
#.....##########.#...# ..
#.....# #.#......#.
#.....# #.##'#.....
####### #.##.#..#..
#.##.#..... #.##.#.#...
#.# .# ... #.#


You could see an adder, a hobgoblin, 2 goblins and 2 frilled lizards.

Vanquished Creatures
  An adder (D:2)
  6 endoplasms
  2 giant cockroaches
  3 hobgoblins
  2 ball pythons (D:1)
  A bat (D:1)
  5 frilled lizards
  A kobold (D:2)
  A rat (D:1)
22 creatures vanquished.

Notes
Turn   | Place    | Note
-------+----------+-------------------------------------------
     0 | D:1      | ragingrage the Demigod Wanderer began the quest for the
                  | Orb.
     0 | D:1      | ragingrage set off with the following items: a +0 club, a
                  | +0 scale mail; and the following spells available to
                  | memorise: Pain, Magic Dart, Blink, Passwall, Vampiric
                  | Draining, Ozocubu's Armour
     0 | D:1      | Reached XP level 1. HP: 14/14 MP: 7/7
    32 | D:1      | Upgraded the game from 0.28-a0-1184-g53156a8862 to
                  | 0.28-a0-1199-gef9e1dbd39
    34 | D:1      | Learned a level 1 spell: Pain
   882 | D:1      | Reached XP level 2. HP: 19/20 MP: 9/9
  1725 | D:2      | Reached skill level 4 in Spellcasting
  1728 | D:2      | HP: 1/30 [poisoned by an adder]
  2538 | D:2      | Succumbed to an adder's poison

Illustrated notes

Levels and vault maps discovered:
D:1:      dpeg_arrival_court, layout_rooms, serial_forest,
          infiniplex_forest_join, infiniplex_forest_lined_4_way,
          infiniplex_forest_end_2, infiniplex_forest_clump_small,
          infiniplex_forest_straight_5, infiniplex_forest_clump_double,
          roderic_lattice_a, minmay_hedge_maze
D:2:      layout_basic, serial_corexii_hall, corexii_hall_statues_l,
          chequers_hall_statues_wall_a, corexii_hall_statues_l,
          minmay_misc_feat_more_columns, chequers_serial_rivers_micro_d,
          chequers_serial_rivers_small_a, minmay_misc_feat_tiny, hex_tiny,
          uniq_robin

Skill      XL: |  1  2 |
---------------+-------+-----
Spellcasting   | 4 |  4.1
Armour         | |  1.0
Dodging        | |  1.0
Necromancy     | |  1.9
Evocations     | |  1.7

Action                   || total
-------------------------++-------
Melee: Club              ||    25
       Rapier            ||    22
 Cast: Pain              ||    28
  Use: Potion            ||     2
Armor: Scale mail        ||    36
Dodge: Dodged            ||    34

Table legend: (Time is in decaauts)
 A = Elapsed time spent in this place.
 B = Non-inter-level travel time spent in this place.
 C = Inter-level travel time spent in this place.
 D = Time resting spent in this place.
 E = Time spent auto-exploring this place.
 F = Levels seen in this place.
 G = Mean time per level.
                   A        B        C        D        E       F      G
               +--------+--------+--------+--------+--------+-----+--------+
         Total |   2549 |   2478 |     71 |    824 |   1363 |   2 | 1274.5 |
       Dungeon |   2549 |   2478 |     71 |    824 |   1363 |   2 | 1274.5 |
               +--------+--------+--------+--------+--------+-----+--------+

Top non-repeatable levels by time:
     D:1: 1424 daAuts
     D:2: 1124 daAuts
